 Dungeon Crawl Stone Soup version 0.29-a0-892-g2c4c91d9db (webtiles) character file.

Game seed: 9553753987405781872

172 xian the Shooter (level 5, -1/39 HPs)
             Began as a Mummy Arcane Marksman on July 23, 2022.
             Slain by an adder (2 damage)
             ... on level 5 of the Dungeon.
             The game lasted 00:08:56 (3224 turns).

xian the Shooter (Mummy Arcane Marksman)            Turns: 3224, Time: 00:08:56

Health: -1/39      AC:  4    Str: 13    XL:     5   Next: 27%
Magic:  7/7        EV: 11    Int: 13    God:
Gold:   159        SH:  0    Dex: 14    Spells: 6/7 levels left

rFire   x . .      SeeInvis .   j - +0 demon blade (venom)
rCold   + . .      Faith    .   (no shield)
rNeg    + + +      Spirit   .   k - +0 leather armour
rPois   ∞          Reflect  .   i - +1 hat
rElec   .          Harm     .   (no cloak)
rCorr   .          Rampage  .   (no gloves)
Will    .....                   (no boots)
Stlth   +.........              e - amulet of magic regeneration
HPRegen 0.13/turn               (no ring)
MPRegen 0.50/turn               (no ring)

@: no status effects
A: cold resistance 1, negative energy resistance 3, torment resistance 2, heat
vulnerability 1, in touch with death 1, no potions
a: no special abilities


You were on level 5 of the Dungeon.
You visited 1 branch of the dungeon, and saw 4 of its levels.

You collected 159 gold pieces.

Inventory:

Hand Weapons
 a - a +0 sling
 j - a +0 demon blade of venom (weapon)
Missiles
 h - a throwing net
Armour
 i - a +1 hat (worn)
 k - a +0 leather armour (worn)
Jewellery
 c - a ring of protection from cold
 e - an amulet of magic regeneration (around neck)
Scrolls
 b - a scroll of vulnerability
 f - 3 scrolls of identify
 g - a scroll of torment


   Skills:
 + Level 2.3 Fighting
 + Level 0.1 Long Blades
 + Level 3.5 Ranged Weapons
 + Level 0.5 Armour
 + Level 1.8 Dodging
 + Level 0.1 Stealth
 * Level 1.7 Spellcasting
 + Level 3.0 Hexes
 * Level 0.1 Necromancy


You had 6 spell levels left.
You knew the following spells:

 Your Spells              Type           Power      Damage    Failure   Level
a - Slow                  Hex            32%        N/A       10%         1

Your spell library contained the following spells:

 Spells                   Type           Power      Damage    Failure   Level
 Ensorcelled Hibernation  Hex/Ice        10%        N/A       26%         2
 Inner Flame              Hex/Fire       5%         N/A       47%         3
 Portal Projectile        Hex/Tloc       10%        N/A       47%         3
 Cause Fear               Hex            4%         N/A       67%         4
 Anguish                  Hex/Necr       3%         N/A       86%         4
 Spider Form              Tmut/Pois      Unusable   N/A       N/A         3

Dungeon Overview and Level Annotations

Branches:
Dungeon (3/15)             Temple (0/1) D:5

Altars:

Shops:
D:1 [(:(   D:3 =


Innate Abilities, Weirdness & Mutations

You are immune to poison.
Your flesh is cold resistant. (rC+)
You are immune to negative energy. (rN+++)
You are immune to unholy pain and torment.
You are vulnerable to heat. (rF-)
You are in touch with the powers of death.
You do not drink.


Message History

Found a staircase to the Ecumenical Temple.
You are too injured to fight recklessly!
You are too injured to fight recklessly!
You are too injured to fight recklessly!
You are too injured to fight recklessly!
You are too injured to fight recklessly!
Your +0 demon blade of venom begins to drip with poison!
j - a +0 demon blade of venom (weapon)
The adder is no longer moving slowly.
The adder bites you but does no damage.
You closely miss the adder. The adder closely misses you.
You completely miss the adder. The adder barely misses you.
You closely miss the adder. The adder closely misses you. The adder bites you.
* * * LOW HITPOINT WARNING * * *
The adder closely misses you.
You barely miss the adder. The adder misses you. The adder bites you.
* * * LOW HITPOINT WARNING * * *
The adder bites you but does no damage.
You barely miss the adder. The adder closely misses you.
The adder barely misses you. The adder misses you. The adder barely misses you.
You barely miss the adder. The adder closely misses you.
The adder barely misses you. x2
Unknown command.
You miss the adder.
The adder bites you but does no damage. x3
The adder closely misses you.
You miss the adder.
The adder bites you but does no damage. x2
The adder barely misses you.
You closely miss the adder. The adder bites you.
* * * LOW HITPOINT WARNING * * *
The adder bites you but does no damage. x2
You barely miss the adder. The adder closely misses you.
The adder bites you but does no damage. The adder closely misses you.
The adder barely misses you.
Unknown command.
You closely miss the adder. The adder barely misses you. The adder bites you.
* * * LOW HITPOINT WARNING * * *
The adder misses you.
You hit the adder.
The adder is lightly wounded.
The adder bites you but does no damage. The adder bites you.
You die...

#.........#
###.......#
#.......#
#.......#
#.......#
#.#######
#.# #####S#
#...S@#
#......#
#.♣.♣..#
#..>..##
#.♣.♣.
#..... ###
##


You could see 2 adders.

Vanquished Creatures
  2 orc priests (D:3)
  6 adders
  A shadow imp (D:3)
  A dart slug (D:3)
  2 orcs
  4 ball pythons (D:1)
  4 endoplasms
  3 giant cockroaches
  6 goblins
  7 hobgoblins
  2 kobolds
  A quokka (D:1)
  3 bats
  5 frilled lizards
  2 rats
49 creatures vanquished.

Notes
Turn   | Place    | Note
-------+----------+-------------------------------------------
     0 | D:1      | xian the Mummy Arcane Marksman began the quest for the Orb.
     0 | D:1      | Reached XP level 1. HP: 15/15 MP: 2/2
   288 | D:1      | Noticed a shining eye
   291 | D:1      | Found a faded altar of an unknown god.
   293 | D:1      | Reached XP level 2. HP: 21/21 MP: 4/4
   296 | D:1      | Noticed a shining eye
   296 | D:1      | Noticed a great orb of eyes
   296 | D:1      | Noticed a floating eye
   384 | D:1      | Found Kivvaam's Antique Weapon Shoppe.
   431 | D:1      | Found Ycaci's Weapon Shop.
   431 | D:1      | Found Laotuuj's Antique Armour Shoppe.
   685 | D:1      | Found Cegovofue's Book Boutique.
  1631 | D:2      | Gained mutation: You are in touch with the powers of death.
                  | [Mummy growth]
  1631 | D:2      | Reached XP level 3. HP: 26/26 MP: 5/5
  2584 | D:3      | Reached XP level 4. HP: 33/33 MP: 6/6
  2613 | D:3      | Reached XP level 5. HP: 19/39 MP: 7/7
  2833 | D:3      | Found Sidutem's Jewellery Emporium.
  3121 | D:3      | You fall into a shaft and drop 2 floors!
  3121 | D:5      | Entered Level 5 of the Dungeon
  3209 | D:5      | Found a staircase to the Ecumenical Temple.
  3223 | D:5      | HP: 1/39 [adder (3)]
  3224 | D:5      | Slain by an adder

Illustrated notes

Levels and vault maps discovered:
D:1:      dpeg_arrival_boxorama, layout_basic,
          hellmonk_ecumenical_altar_watching_god, serial_shops, shop, shop,
          nicolae_square_shop, nicolae_shop_temple_entry_statues_fountains
D:2:      layout_basic, nrook_mini_vaults, nicolae_eternal_life,
          minmay_lizard_pond
D:3:      layout_loops_cross, serial_shops, nicolae_shop_crystal
D:5:      layout_rooms, minmay_temple_entry_trees

Skill      XL: |  1  2  3 |
---------------+----------+-----
Ranged Weapons | 2 3 |  3.5
Hexes          | 3 |  3.0
Fighting       | 2 |  2.3
Long Blades    | |  0.1
Armour         | |  0.5
Dodging        | |  1.8
Stealth        | |  0.1
Spellcasting   | |  1.7
Necromancy     | |  0.1

Action                   |  1- 3 |  4- 6 || total
-------------------------+-------+-------++-------
Melee: Demon blade       |     2 |    34 ||    36
 Fire: Sling             |   162 |    41 ||   203
 Cast: Slow              |     5 |    13 ||    18
  Use: Scroll            |       |     3 ||     3
Armor: Robe              |    20 |       ||    20
       Leather armour    |       |    42 ||    42
Dodge: Dodged            |    44 |    81 ||   125

Table legend: (Time is in decaauts)
 A = Elapsed time spent in this place.
 B = Non-inter-level travel time spent in this place.
 C = Inter-level travel time spent in this place.
 D = Time resting spent in this place.
 E = Time spent auto-exploring this place.
 F = Levels seen in this place.
 G = Mean time per level.
                   A        B        C        D        E       F      G
               +--------+--------+--------+--------+--------+-----+--------+
         Total |   3287 |   3198 |     89 |      0 |   2690 |   4 |  821.8 |
       Dungeon |   3287 |   3198 |     89 |      0 |   2690 |   4 |  821.8 |
               +--------+--------+--------+--------+--------+-----+--------+

Top non-repeatable levels by time:
     D:2: 1329 daAuts
     D:1: 1153 daAuts
     D:3: 697 daAuts
     D:5: 108 daAuts
